 Dungeon Crawl Stone Soup version 0.25.0-1-g7eea58d (webtiles) character file.

Game seed: 14152667780031510460

2678 malesh the Fighter (level 9, -3/78 HPs)
             Began as a Barachi Fighter on June 16, 2020.
             Slain by an ice dragon zombie (6 damage)
             ... on level 2 of the Abyss.
             The game lasted 00:21:35 (7767 turns).

malesh the Fighter (Barachi Fighter)                Turns: 7767, Time: 00:21:35

Health: -3/78      AC: 11    Str: 20    XL:     9   Next: 64%
Magic:  9/9        EV:  7    Int:  9    God:
Gold:   468        SH: 11    Dex: 12    Spells: 8/8 levels left

rFire    . . .     SeeInvis .   a - +0 long sword (vorpal)
rCold    . . .     Gourm    .   c - +1 kite shield
rNeg     . . .     Faith    .   b - +0 scale mail
rPois    .         Spirit   .   (no helmet)
rElec    .         Reflect  .   (no cloak)
rCorr    .         Harm     .   (no gloves)
MR       .....                  k - +2 pair of boots
Stlth    ..........             r - amulet of the acrobat
HPRegen  0.23/turn              (no ring)
MPRegen  0.11/turn              (no ring)

@: slow
A: +LOS, swims, slowness 1, strong legs 1
a: Hop


You were on level 2 of the Abyss.
You were not hungry.

You visited 1 branch of the dungeon, and saw 7 of its levels.
You visited the Abyss 1 time.
You also visited: Ossuary.

You collected 468 gold pieces.

Inventory:

Hand Weapons
 a - a +0 vorpal long sword (weapon)
 m - a +1 long sword
Armour
 b - a +0 scale mail (worn)
 c - a +1 kite shield (worn)
 k - a +2 pair of boots (worn)
Jewellery
 r - an amulet of the acrobat (around neck)
Wands
 t - a wand of clouds (6)
 A - a wand of flame (15)
Scrolls
 d - 3 scrolls of immolation {unknown}
 h - a scroll of random uselessness {unknown}
 j - 3 scrolls of remove curse
 q - 3 scrolls of fog {unknown}
 w - a scroll of amnesia
 x - 4 scrolls of teleportation
 y - a scroll of identify
Potions
 e - 2 potions of curing
 g - a potion of cancellation {unknown}
 i - 3 potions of lignification
 l - a potion of magic {unknown}
 n - a potion of might
 o - a potion of ambrosia {unknown}
 p - 2 potions of stabbing
 u - a potion of flight {unknown}
 v - a potion of mutation {unknown}
Comestibles
 f - 20 rations


   Skills:
 * Level 9.9 Fighting
 * Level 9.5 Long Blades
 + Level 7.5 Armour
 + Level 5.5 Shields


You had 8 spell levels left.
You didn't know any spells.
Your spell library contained the following spells:

 Spells                   Type           Power        Failure   Level  Hunger
 Beastly Appendage        Tmut           #.....       98%         1    ##.....
 Sticks to Snakes         Tmut           #.......     99%         2    ###....
 Spider Form              Tmut/Pois      #.........   100%        3    ####...
 Ice Form                 Ice/Tmut       #.......     100%        4    #####..
 Blade Hands              Tmut           #.........   100%        5    ######.


Dungeon Overview and Level Annotations

Branches:
Dungeon (7/15)            Ossuary (visited)
 Temple: D:4-7

Altars:
Dithmenos
Nemelex Xobeh
Trog
Uskayaw
Xom
Beogh

Shops:
D:4 (

Annotations:
D:4 3 runed translucent doors, Notta's ghost, novice GnVM


Innate Abilities, Weirdness & Mutations

You can be seen from farther away. (+LOS)
You can swim through water.
You cover ground slowly.
You can hop short distances.


Message History

The ice dragon zombie is lightly damaged.
You hit the ice dragon zombie but do no damage.
The ice dragon zombie is lightly damaged.
You block the ice dragon zombie's attack.
The ice dragon zombie claws you.
* * * LOW HITPOINT WARNING * * *
You block the ice dragon zombie's attack.
Unknown command.
Your shield and scale mail prevent you from hitting the ice dragon zombie.
The ice dragon zombie is lightly damaged.
You block the ice dragon zombie's attack.
The ice dragon zombie claws you.
* * * LOW HITPOINT WARNING * * *
The ice dragon zombie tramples you but does no damage.
You slash the ice dragon zombie!
The ice dragon zombie is moderately damaged.
The ice dragon zombie bites you but does no damage.
The ice dragon zombie claws you but does no damage.
The ice dragon zombie tramples you.
You die...

≈≈ #. ≈≈≈ . ...
#≈≈≈≈ .#. #( .≈≈≈≈≈
......######.x≈≈≈≈≈
.#.....'...@Z≈.≈#
.......###.###≈≈≈≈≈≈
. .... ### #≈≈≈ .# .
≈ .# .#


You could see a small abomination and an ice dragon zombie.

Vanquished Creatures
  A ynoxinul (Abyss:2)
  2 orc warriors (D:6)
  A phantom (D:4)
  4 ogres
  4 elf zombies (Ossuary)
  2 bullfrogs
  3 scorpions
  4 howler monkeys
  3 bullfrog zombies
  A quasit (D:6)
  7 centaur zombies
  2 human zombies (Ossuary)
  2 jellies
  5 orc priests
  4 hounds
  Jessica (D:2)
  2 orc wizards (D:6)
  4 worker ants
  A hound skeleton (D:4)
  3 mummies (Ossuary)
  A worker ant zombie (D:6)
  5 gnolls
  9 adders
  2 shadow imps
  An ooze (D:3)
  2 worms
  4 leopard geckos
  19 orcs
  5 bats
  7 giant cockroaches
  7 hobgoblins
  7 jackals
  4 kobolds
  2 quokkas
  A ball python (D:2)
  5 frilled lizards
  6 goblins
  A leopard gecko skeleton (D:3)
  6 rats
150 creatures vanquished.

Vanquished Creatures (others)
  A centaur (D:7)
  A hound (D:7)
  5 toadstools (D:7)
7 creatures vanquished.

Grand Total: 157 creatures vanquished

Notes
Turn   | Place    | Note
-------+----------+-------------------------------------------
     0 | D:1      | malesh the Barachi Fighter began the quest for the Orb.
     0 | D:1      | Reached XP level 1. HP: 18/18 MP: 1/1
   290 | D:1      | Reached XP level 2. HP: 25/25 MP: 2/2
   680 | D:2      | Noticed Jessica
   690 | D:2      | Killed Jessica
   690 | D:2      | Reached XP level 3. HP: 26/31 MP: 3/3
   943 | D:2      | Reached XP level 4. HP: 35/38 MP: 4/4
  1163 | D:2      | Found a sparkling altar of Nemelex Xobeh.
  1649 | D:3      | Noticed an ogre
  1657 | D:3      | Killed an ogre
  1657 | D:3      | Reached skill level 5 in Fighting
  1657 | D:3      | Reached XP level 5. HP: 20/44 MP: 5/5
  2232 | D:3      | Reached skill level 5 in Long Blades
  2232 | D:3      | Reached XP level 6. HP: 50/51 MP: 6/6
  2625 | D:3      | Found a faded altar of an unknown god.
  2744 | D:4      | Reached skill level 5 in Armour
  2846 | D:4      | Identified the +7 spear of Circularity {flame, Int+4}
  2846 | D:4      | Identified the cursed +0 scale mail of Ino Lipp {rElec
                  | Stlth+}
  2847 | D:4      | Found a runed translucent gate.
  2847 | D:4      | Found a runed translucent gate.
  2847 | D:4      | Found a roughly hewn altar of Beogh.
  2847 | D:4      | Found a runed translucent gate.
  2847 | D:4      | Noticed Notta's ghost (novice GnVM)
  2850 | D:4      | Identified the +0 war axe "Dragon's Demise" {elec, Str+5}
  2850 | D:4      | Noticed an orc warrior
  2919 | D:4      | Noticed a phantom
  3175 | D:4      | Killed a phantom
  3340 | D:4      | Reached XP level 7. HP: 53/59 MP: 7/7
  3743 | D:4      | Found Xonyiz's Weapon Boutique.
  4168 | D:5      | Entered Level 5 of the Dungeon
  4269 | D:5      | Found a sand-covered staircase.
  4274 | Ossuary  | Entered an ossuary
  4302 | Ossuary  | Reached XP level 8. HP: 67/67 MP: 8/8
  5594 | D:5      | Reached XP level 9. HP: 69/75 MP: 9/9
  5643 | D:5      | Found a shadowy altar of Dithmenos.
  6065 | D:6      | Reached skill level 5 in Shields
  6363 | D:6      | Found a bloodstained altar of Trog.
  7561 | D:7      | Found a shimmering altar of Xom.
  7564 | D:7      | Found a hide-covered altar of Uskayaw.
  7665 | D:7      | Cast into level 2 of the Abyss (gnoll sergeant)
  7766 | Abyss:2  | HP: 3/78 [ice dragon zombie (2)]
  7767 | Abyss:2  | Slain by an ice dragon zombie

Illustrated notes

Levels and vault maps discovered:
D:1:      kilobyte_arrival_exit_the_forest, layout_basic
D:2:      layout_basic, nemelex_spade_bored_becter, uniq_jessica
D:3:      layout_basic, chequers_ecumenical_altar_lobes
D:4:      layout_loops_ring, biasface_ghost_orc_armoury, serial_shops,
          shop_statue
D:5:      layout_basic, first_ration, nicolae_ossuary_entry_plus,
          grunt_dithmenos_shadows
D:6:      layout_basic, bloody_trog
D:7:      layout_basic, old_standard_altar, overflow_temple_1_default,
          xom_confusion_cloud, minmay_temple_entry_proselytizer, basic_altar,
          minmay_gold_behind_fungi
Abyss:2:  base:
D:3

Skill      XL: |  1  2  3  4  5  6  7  8  9 |
---------------+----------------------------+-----
Fighting       | 4 5 6 7 8 9 |  9.9
Long Blades    | 3 4 5 6 8 9 |  9.5
Armour         | 4 5 6 7 |  7.5
Shields        | 4 5 |  5.5

Action                   |  1- 3 |  4- 6 |  7- 9 || total
-------------------------+-------+-------+-------++-------
Melee: Long sword        |    48 |   242 |   493 ||   783
 Abil: Hop               |       |       |     1 ||     1
  Use: Potion            |       |     1 |     7 ||     8
       Scroll            |       |       |    12 ||    12
  Eat: Chunk             |       |     8 |    17 ||    25
Armor: Scale mail        |    19 |    91 |   174 ||   284
Dodge: Dodged            |    16 |    70 |    88 ||   174
Block: Kite shield       |    13 |   105 |   239 ||   357
       Rpst.: Long sword |     6 |    18 |    29 ||    53
